 Dungeon Crawl Stone Soup version 0.17.1-2-g5865329 (webtiles) character file.

438 Jerry the Shield-Bearer (level 7, -3/41 HPs)
             Began as an Octopode Wizard on Jan 25, 2016.
             Was an Initiate of Vehumet.
             Slain by Edmund
             ... wielding a +0 dire flail
              (13 damage)
             ... on level 5 of the Dungeon.
             The game lasted 01:01:35 (7588 turns).

Jerry the Shield-Bearer (Octopode Wizard)           Turns: 7588, Time: 01:01:35

Health: -3/41      AC:  2    Str:  6    XL:     7   Next: 1%
Magic:  6/12       EV: 18    Int: 23    God:    Vehumet [......]
Gold:   229        SH:  5    Dex: 15    Spells: 3 memorised, 6 levels left

rFire  . . .     SeeInvis .     i - +0 dagger
rCold  . . .     Clarity  .     s - +0 buckler
rNeg   . . .     SustAt   .     a - +1 hat
rPois  +         Gourm    .     f - amulet of regeneration
rElec  .         Spirit   .     h - ring of poison resistance
rCorr  .         Warding  .     (no ring)
rMut   .         Stasis   .     (no ring)
MR     .....                    (no ring)
Stlth  +++++.....               (no ring)
                                (no ring)
                                (no ring)
                                (no ring)

@: agile, not resistant to hostile enchantments, quite stealthy
A: almost no armour, amphibious, 8 rings, constrict 8, camouflage 1, gelatinous
body 1
a: Renounce Religion


You were on level 5 of the Dungeon.
You worshipped Vehumet.
Vehumet was noncommittal.
You were not hungry.

You visited 2 branches of the dungeon, and saw 6 of its levels.

You collected 229 gold pieces.

Inventory:

Hand Weapons
 i - a +0 dagger (weapon)
Armour
 a - a +1 hat (worn)
 s - a +0 buckler (worn)
Jewellery
 f - an amulet of regeneration (around mantle)
 h - a ring of poison resistance (left tentacle)
 j - an uncursed ring of fire
 y - the amulet of Loptips {rMut rF+ Int-5 Dex+2}
   (You found it on level 4 of the Dungeon)

   [amulet of resist mutation]

   It protects you from mutation.
   It affects your intelligence (-5).
   It affects your dexterity (+2).
   It protects you from fire.
Wands
 B - a wand of confusion (29)
Scrolls
 p - 2 scrolls of immolation
 t - a scroll of noise
 z - a scroll of remove curse
 A - 2 scrolls of teleportation
Potions
 e - 2 potions of flight {unknown}
 k - 6 potions of curing
 l - a potion of poison {unknown}
 m - 2 potions of heal wounds {unknown}
 n - 2 potions of degeneration {unknown}
 o - 3 potions of agility
 q - a potion of lignification {unknown}
 x - a potion of magic {unknown}
Books
 b - a book of Minor Magic

   Spells                             Type                      Level
   a - Magic Dart                     Conjuration                  1
   b - Blink                          Translocation                2
   c - Call Imp                       Summoning                    2
   d - Repel Missiles                 Charms/Air                   2
   e - Slow                           Hexes                        2
   f - Conjure Flame                  Conjuration/Fire             3
   g - Mephitic Cloud                 Conjuration/Poison/Air       3
Miscellaneous
 u - a plain deck of wonders
Comestibles
 c - 5 bread rations
 d - 2 meat rations
 r - a royal jelly
 v - a fruit


   Skills:
 + Level 3.2 Dodging
 - Level 3.0 Stealth
 - Level 4.0 Shields
 - Level 3.3 Spellcasting
 + Level 3.1 Conjurations
   Level 1.0 Summonings
 - Level 2.1 Translocations
 + Level 1.4 Air Magic
 + Level 1.7 Poison Magic


You had 6 spell levels left.
You knew the following spells:

 Your Spells              Type           Power        Failure   Level  Hunger
a - Magic Dart            Conj           ###.         3%          1    None
b - Blink                 Tloc           N/A          10%         2    ##.....
c - Mephitic Cloud        Conj/Pois/Air  ##......     17%         3    ###....


Dungeon Overview and Level Annotations

Branches:
Dungeon (5/15)             Temple (1/1) D:4

Altars:
Gozag
Kikubaaqudgha
Makhleb
Trog
Vehumet
Xom
Yredelemnul
Zin
The Shining One
Jiyva

Shops:
D:5 (

Annotations:
D:5 Edmund, Grinder


Innate Abilities, Weirdness & Mutations

You cannot wear most types of armour.
You are amphibious.
You can wear up to eight rings at the same time.
You can use your tentacles to constrict eight enemies at once.
Your skin changes colour to match your surroundings (Stealth).
Your rubbery body absorbs attacks (AC +1).


Message History

The magic dart hits Edmund.
Edmund is severely wounded.
Edmund barely misses you.
You barely miss Edmund. Your grab misses Edmund.
Edmund is severely wounded.
Edmund hits you with a dire flail!
* * * LOW HITPOINT WARNING * * *
You closely miss Edmund. You grab Edmund. You squeeze Edmund, but do no damage.
Edmund is severely wounded.
You constrict Edmund, but do no damage. You block Edmund's attack.
You hit Edmund.
Edmund is severely wounded.
You constrict Edmund. You barely miss Edmund.
Edmund is almost dead.
You constrict Edmund, but do no damage. Edmund hits you but does no damage.
You hit Edmund.
Edmund is almost dead.
You constrict Edmund. Edmund hits you with a dire flail!
You die...

#..#.#..........#.#...
#..##............##..
#.#................#..#
#.....................#
###.###...#...........#
. #.#
#######........##..
#.#########.......##...
#.................#....
#.....@@.<..#..#......_
#..............#.##....
#.................##...
#..>...............##..
###########.###...#.##.
#...###.......@
###+#............
#.+∩'.####.......
#.#'### #.#.....


You could see Edmund.

Vanquished Creatures
  2 scorpions (D:4)
  A centaur skeleton (D:4)
  A hound (D:4)
  4 worker ants (D:4)
  6 adders
  A gnoll (D:3)
  2 oozes
  3 worms
  An adder skeleton (D:4)
  3 giant geckos
  14 orcs
  10 bats
  5 giant cockroaches
  12 goblins
  12 hobgoblins
  7 kobolds
  A quokka (D:2)
  5 ball pythons
  6 giant newts
  9 rats
105 creatures vanquished.

Notes
Turn   | Place    | Note
--------------------------------------------------------------
     0 | D:1      | Jerry the Octopode Wizard began the quest for the Orb.
     0 | D:1      | Reached XP level 1. HP: 11/11 MP: 4/4
    80 | D:1      | Reached XP level 2. HP: 10/17 MP: 1/6
   227 | D:1      | Learned a level 2 spell: Blink
   831 | D:1      | Reached XP level 3. HP: 16/21 MP: 7/7
  1844 | D:2      | Reached XP level 4. HP: 23/27 MP: 2/8
  4200 | D:3      | Reached XP level 5. HP: 24/31 MP: 7/10
  4299 | D:4      | Reached skill level 1 in Shields
  5276 | D:3      | Found an opulent altar of Gozag.
  5530 | D:4      | Reached XP level 6. HP: 25/36 MP: 6/11
  5556 | D:4      | Learned a level 3 spell: Mephitic Cloud
  5937 | D:4      | Got a coiled garnet amulet
  5939 | D:4      | Identified the amulet of Loptips {rMut rF+ Int-5 Dex+2} (You found it on level 4 of the Dungeon)
  6221 | D:4      | Reached skill level 1 in Air Magic
  6221 | D:4      | Reached skill level 1 in Poison Magic
  6347 | D:4      | Found a burning altar of Makhleb.
  6552 | D:4      | Noticed an ogre
  6907 | D:4      | Found a staircase to the Ecumenical Temple.
  6914 | Temple   | Entered the Ecumenical Temple
  6922 | Temple   | Became a worshipper of Vehumet
  7076 | D:4      | Reached skill level 4 in Shields
  7076 | D:4      | Reached XP level 7. HP: 25/41 MP: 6/12
  7160 | D:5      | Entered Level 5 of the Dungeon
  7288 | D:5      | Found Izuqimpu's Weapon Shoppe.
  7322 | D:5      | Found a glowing golden altar of the Shining One.
  7323 | D:5      | Noticed Grinder
  7400 | D:5      | Noticed Edmund
  7588 | D:5      | Slain by Edmund

Action                   |  1- 3 |  4- 6 |  7- 9 || total
-------------------------+-------+-------+-------++-------
Melee: Unarmed           |     9 |       |       ||     9
       Club              |     7 |       |       ||     7
       Dagger            |    29 |   113 |    10 ||   152
 Cast: Magic Dart        |    65 |   160 |    24 ||   249
       Blink             |       |     9 |     5 ||    14
  Use: Scroll            |       |    10 |     2 ||    12
       Potion            |       |       |     1 ||     1
 Stab: Sleeping          |     3 |     7 |       ||    10
       Distracted        |       |     2 |       ||     2
  Eat: Chunk             |     2 |     8 |     1 ||    11
       Bread ration      |       |     2 |     1 ||     3
